 Dungeon Crawl Stone Soup version 0.31-a0-968-g24f9ace8b5 (webtiles) character file.

Game seed: 4879105493054153164

420 Dittersdorf the Trooper (level 6, -5/40 HPs)
             Began as a Gargoyle Fighter on Oct 27, 2023.
             Killed from afar by Sigmund (11 damage)
             ... with a magic dart
             ... on level 3 of the Dungeon.
             The game lasted 00:04:26 (3065 turns).

Dittersdorf the Trooper (Gargoyle Fighter)          Turns: 3065, Time: 00:04:27

Health: -5/40      AC: 17    Str: 22    XL:     6   Next: 94%
Magic:  6/6        EV:  8    Int:  8    God:
Gold:   106        SH:  5    Dex: 15    Spells: 5/5 levels left

rFire   . . .        a - +1 flail
rCold   . . .        c - +0 buckler
rNeg    + . .        k - +0 chain mail
rPois   ∞            n - +1 helmet
rElec   +            (no cloak)
rCorr   .            (no gloves)
SInv    +            m - +0 pair of boots
Will    .....        (no amulet) Stlth
                     b - +6 ring of dexterity
HPRegen 0.26/turn    s - ring of see invisible
MPRegen 0.10/turn

%: no passive effects
@: no status effects
A: sickness immunity, AC +4, negative energy resistance 1, electricity
resistance, torment resistance 1, petrification resistance
a: no special abilities


You were on level 3 of the Dungeon.
You visited 1 branch of the dungeon, and saw 3 of its levels.
You also visited: Sewer.

You collected 106 gold pieces.

Inventory:

Hand Weapons
 a - a +1 flail (weapon)
Missiles
 p - 4 poisoned darts (quivered)
Armour
 c - a +0 buckler (worn)
 k - a +0 chain mail (worn)
 m - a +0 pair of boots (worn)
 n - a +1 helmet (worn)
Jewellery
 b - a +6 ring of dexterity (left hand)
 f - a ring of fire
 s - a ring of see invisible (right hand)
Wands
 r - a wand of mindburst (13)
Scrolls
 o - a scroll of teleportation
 q - a scroll of enchant weapon
Potions
 d - a potion of might
 e - a potion of cancellation {unknown}
 g - a potion of invisibility {unknown}
 h - 2 potions of curing {unknown}
 i - 2 potions of brilliance {unknown}
 j - a potion of lignification {unknown}
 l - a potion of berserk rage
 t - a potion of mutation {unknown}


   Skills:
 + Level 5.0 Fighting
 + Level 3.9 Maces & Flails
 + Level 5.0 Armour
 + Level 5.0 Shields


You had 5 spell levels left.
You didn't know any spells.
Your spell library contained the following spells:

 Spells                   Type           Power      Damage    Failure   Level
 Dazzling Flash           Conj/Hex       0%         N/A       100%        3
 Inner Flame              Hex/Fire       0%         N/A       100%        3
 Volatile Blastmotes      Fire/Tloc      0%         2d10      100%        3
 Flame Wave               Conj/Fire      0%         2d4       100%        4
 Sticky Flame             Conj/Fire      0%         2d3       100%        4
 Starburst                Conj/Fire      0%         6d3       100%        6
 Maxwell's Capacitive Co  Air            0%         ∞         100%        8


Dungeon Overview and Level Annotations

Branches:
Dungeon (3/15)              Sewer (visited)

Altars:

Annotations:
D:3 Sigmund


Innate Abilities, Weirdness & Mutations

You are immune to sickness and miasma.
Your stone body is resilient. (AC +4)
You are immune to poison.
You resist negative energy. (rN+)
You are resistant to electric shocks. (rElec)
You are resistant to unholy torment.
You are immune to petrification.


Message History

Aim: Sigmund, wielding a +0 heavy scythe and wearing a +0 robe (lightly wounded, poisoned, 53% to hit)
You throw a poisoned dart. The poisoned dart hits Sigmund.
Sigmund looks even sicker.
Sigmund is lightly wounded.
Throw: 8 darts (poison)
Press: ? - help, Q - select action, (/) - cycle Shift-Dir - straight line, f/p - Sigmund
Aim: Sigmund, wielding a +0 heavy scythe and wearing a +0 robe (lightly wounded, very poisoned, 53% to hit)
You throw a poisoned dart. The poisoned dart hits Sigmund.
Sigmund looks even sicker.
Sigmund is lightly wounded.
Sigmund closely misses you.
Sigmund mumbles some strange words.
Sigmund flickers and vanishes for a moment.
Throw: 7 darts (poison)
Press: ? - help, Q - select action, (/) - cycle Shift-Dir - straight line, f/p - Sigmund
Aim: Sigmund, wielding a +0 heavy scythe and wearing a +0 robe (moderately wounded, slightly transparent, very poisoned, 53% to hit)
You throw a poisoned dart. The poisoned dart hits Sigmund.
Sigmund looks even sicker.
Sigmund is moderately wounded.
Throw: 6 darts (poison)
Press: ? - help, Q - select action, (/) - cycle Shift-Dir - straight line, f/p - Sigmund
Aim: Sigmund, wielding a +0 heavy scythe and wearing a +0 robe (moderately wounded, slightly transparent, very poisoned, 53% to hit)
You throw a poisoned dart. The poisoned dart hits Sigmund.
Sigmund looks as sick as possible!
Sigmund is moderately wounded.
Sigmund hits you from afar with a +0 heavy scythe!
* * * LOW HITPOINT WARNING * * *
Sigmund says, "Look into my eyes."
Sigmund looks at you with fury.
Sigmund points at you and mumbles some strange words.
The magic dart hits you but does no damage.
Throw: 5 darts (poison)
Press: ? - help, Q - select action, (/) - cycle Shift-Dir - straight line, f/p - Sigmund
Aim: Sigmund, wielding a +0 heavy scythe and wearing a +0 robe (severely wounded, slightly transparent, very poisoned, 53% to hit)
You throw a poisoned dart.
The poisoned dart barely misses Sigmund.
Sigmund gestures at you while chanting. The magic dart hits you!
You die...
Sigmund begins carving another notch in his scythe.

#.# #.........#.#..... ######
#########.#.#.....#.#...^. ...#..
..................#.#..... .#.#.#
########..#.#.....#.#.....
.....## #.# ##.........#.#.....
.#....# #.# #.........#.######
.....(# #.# ##.#.......#......
....(.# ##.####......######## #.
#.....###..#....@....# #.#
#.........##...#####.# #.#
#.######...@...# #.# #..
#..((....#(..### #.# ##.
##########.....#####.####### #.
#..........#.......#.#.....#####.
...#####.###...#####.#####.......
........####...# #.# #.....).
......##.......# #.# #..#.##.


You could see Sigmund (invisible, very poisoned).

Vanquished Creatures
  2 kobold brigands (Sewer)
  Jessica (D:3)
  Natasha (thrice) (D:3)
  Ijyb (D:3)
  5 adders
  3 gnolls
  A river rat (Sewer)
  2 worms
  A dart slug (D:2)
  2 orcs (D:3)
  2 endoplasms (D:2)
  4 giant cockroaches (D:3)
  2 goblins (D:1)
  4 hobgoblins
  3 jackals (D:1)
  2 quokkas (D:1)
  6 ball pythons
  8 bats
  4 frilled lizards
  11 kobolds
  9 rats
76 creatures vanquished.

Notes
Turn   | Place    | Note
-------+----------+-------------------------------------------
     0 | D:1      | Dittersdorf the Gargoyle Fighter began the quest for the
                  | Orb.
     0 | D:1      | Reached XP level 1. HP: 14/14 MP: 1/1
   211 | D:1      | Reached XP level 2. HP: 19/19 MP: 2/2
   844 | D:2      | Found a faded altar of an unknown god.
   933 | D:2      | Reached XP level 3. HP: 3/23 MP: 3/3
  1890 | D:2      | Reached XP level 4. HP: 23/29 MP: 4/4
  1995 | D:3      | Noticed Natasha
  2014 | D:3      | Killed Natasha
  2040 | D:3      | Noticed Natasha
  2053 | D:3      | Killed Natasha
  2054 | D:3      | Reached XP level 5. HP: 19/33 MP: 5/5
  2079 | D:3      | Found a glowing drain.
  2120 | Sewer    | Entered a sewer
  2341 | Sewer    | Noticed a kobold brigand
  2349 | Sewer    | Killed a kobold brigand
  2350 | Sewer    | Reached XP level 6. HP: 39/39 MP: 6/6
  2618 | D:3      | Noticed Jessica
  2621 | D:3      | Killed Jessica
  2730 | D:3      | Noticed Ijyb
  2739 | D:3      | Killed Ijyb
  2998 | D:3      | Noticed Natasha
  3007 | D:3      | Killed Natasha
  3008 | D:3      | Reached skill level 5 in Fighting
  3008 | D:3      | Reached skill level 5 in Armour
  3008 | D:3      | Reached skill level 5 in Shields
  3033 | D:3      | Noticed Sigmund
  3065 | D:3      | Killed from afar by Sigmund

Illustrated notes

Levels and vault maps discovered:
D:1:      dpeg_arrival_simpleton_c, layout_basic
D:2:      layout_loops_cross, ebering_ecumenical_altar_mist, chequers_avenue,
          fountainhead, minivault_25, grunt_decor_junction
D:3:      layout_rooms, serial_co_window_serial, co_window_paths_a,
          co_window_cross_1, co_window_cross_1, co_window_corner_a,
          co_window_paths_a, co_window_corner_ca, co_window_unsneaky_path_d,
          co_window_corner_ca, co_window_of_opportunity_b, co_window_corner_b,
          glass_columns_a, glass_columns_b, glass_columns_a, glass_columns_a,
          gup_sewer_entry_glass, uniq_jessica, uniq_ijyb, uniq_natasha,
          uniq_sigmund

Skill      XL: |  1  2  3  4  5  6 |
---------------+-------------------+-----
Fighting       | 4 5 |  5.0
Armour         | 4 5 |  5.0
Shields        | 4 5 |  5.0
Maces & Flails | 3 |  3.9

Action                     |  1- 3 |  4- 6 || total
---------------------------+-------+-------++-------
  Melee: Flail             |   163 |   182 ||   345
  Throw: Dart              |       |     8 ||     8
    Use: Scroll            |       |     6 ||     6
 Armour: Scale mail        |   108 |       ||   108
         Chain mail        |    31 |   130 ||   161
  Dodge: Dodged            |    84 |    64 ||   148
  Block: Buckler           |    33 |    61 ||    94

Table legend: (Time is in decaauts)
 A = Elapsed time spent in this place.
 B = Non-inter-level travel time spent in this place.
 C = Inter-level travel time spent in this place.
 D = Time resting spent in this place.
 E = Time spent auto-exploring this place.
 F = Levels seen in this place.
 G = Mean time per level.
                   A        B        C        D        E       F      G
               +--------+--------+--------+--------+--------+-----+--------+
         Total |   3270 |   3141 |    129 |    276 |   1927 |   4 |  817.5 |
       Dungeon |   2821 |   2692 |    129 |    276 |   1717 |   3 |  940.3 |
         Sewer |    449 |    449 |      0 |      0 |    210 |   1 |  449.0 |
               +--------+--------+--------+--------+--------+-----+--------+

Top non-repeatable levels by time:
     D:1: 1082 daAuts
     D:2: 988 daAuts
     D:3: 750 daAuts
   Sewer: 449 daAuts
